 Dungeon Crawl Stone Soup version 0.31.0-12-g77e489cdc1 (webtiles) character file.

Game seed: 5448453115891051935

397 Gadfly the Trooper (level 6, -3/38 HPs)
             Began as a Gargoyle Fighter on Mar 3, 2024.
             Was an Initiate of Elyvilon.
             Killed from afar by an orc wizard (8 damage)
             ... with a magic dart
             ... on level 4 of the Dungeon.
             The game lasted 00:05:11 (3192 turns).

Gadfly the Trooper (Gargoyle Fighter)               Turns: 3192, Time: 00:05:14

Health: -3/38      AC: 17    Str: 19    XL:     6   Next: 83%
Magic:  8/8        EV:  8    Int:  9    God:    Elyvilon [......]
Gold:   153        SH:  4    Dex: 11    Spells: 2/5 levels left

rFire   + + .        b - +1 dagger (venom)
rCold   x . .        c - +0 buckler
rNeg    + . .        g - +0 fire dragon scales
rPois   ∞            o - +0 helmet
rElec   +            m - +0 cloak
rCorr   .            (no gloves)
SInv    .            (no boots)
Will    .....        (no amulet) Stlth
                     l - +1 ring of protection
HPRegen 0.26/turn    (no ring)
MPRegen 0.11/turn

%: no passive effects
@: no status effects
A: sickness immunity, AC +4, negative energy resistance 1, electricity
resistance, torment resistance 1, petrification resistance
a: Renounce Religion


You were on level 4 of the Dungeon.
You worshipped Elyvilon.
Elyvilon was noncommittal.
You visited 2 branches of the dungeon, and saw 5 of its levels.

You collected 192 gold pieces.
You spent 39 gold pieces at shops.

Inventory:

Hand Weapons
 a - a +0 flail
 b - a +1 dagger of venom (weapon)
Armour
 c - a +0 buckler (worn)
 g - +0 fire dragon scales (worn)
 m - a +0 cloak (worn)
 o - a +0 helmet (worn)
Jewellery
 l - a +1 ring of protection (left hand)
Scrolls
 p - a scroll of poison
 r - 2 scrolls of vulnerability
Potions
 d - 2 potions of might
 e - 2 potions of enlightenment
 f - a potion of cancellation {unknown}
 h - a potion of resistance
 i - a potion of haste {unknown}
 j - a potion of curing {unknown}
 k - a potion of attraction
 n - a potion of mutation
 q - a potion of ambrosia {unknown}


   Skills:
 + Level 4.2 Fighting
 * Level 3.6 Maces & Flails
 + Level 4.2 Armour
 + Level 4.0 Shields
 * Level 3.1 Invocations
 * Level 2.5 Evocations


You had 2 spell levels left.
You knew the following spells:

 Your Spells              Type           Power      Damage    Failure   Level
a - Swiftness             Air            0%         N/A       99%         3

Your spell library contained the following spells:

 Spells                   Type           Power      Damage    Failure   Level
 Kiss of Death            Conj/Necr      0%         2d5       88%         1
 Shock                    Conj/Air       0%         1d3       88%         1
 Confusing Touch          Hex            0%         N/A       99%         3
 Airstrike                Air            0%         2d(0-16)  100%        4
 Dispel Undead            Necr           0%         3d6       100%        4


Dungeon Overview and Level Annotations

Branches:
Dungeon (4/15)             Temple (1/1) D:4

Altars:
Dithmenos
Elyvilon
Hepliaklqana
Makhleb
Nemelex Xobeh
Ru
Sif Muna
Uskayaw
Vehumet
Wu Jian

Shops:
D:1 (   D:4 =


Innate Abilities, Weirdness & Mutations

You are immune to sickness and miasma.
Your stone body is resilient. (AC +4)
You are immune to poison.
You resist negative energy. (rN+)
You are resistant to electric shocks. (rElec)
You are resistant to unholy torment.
You are immune to petrification.


Message History

You are too confused!
You bump into the rock wall.
The orc hits you but does no damage. Something hits you but does no damage.
You closely miss something. Something hits you but does no damage.
The orc hits you but does no damage.
You miss something.
The orc hits you from afar with a +0 trident!
Something hits you.
You miss something. The orc hits you but does no damage.
Something hits you but does no damage.
You barely miss something. The orc hits you but does no damage.
Something hits you but does no damage.
You feel less confused.
A magic dart appears from out of thin air!
The magic dart hits you. Something hits you but does no damage.
The orc hits you with a +0 trident.
* * * LOW HITPOINT WARNING * * *
There is an open door here.
You hit something. The orc hits you with a +0 trident.
* * * LOW HITPOINT WARNING * * *
Something hits you but does no damage.
You barely miss something. The orc hits you but does no damage.
Something hits you but does no damage.
You completely miss something. Something completely misses you.
The orc barely misses you.
You hit the orc.
The orc is poisoned.
The orc is lightly wounded.
The orc closely misses you. Something hits you but does no damage.
You hit the orc.
The orc looks as sick as possible!
The orc is severely wounded.
The orc hits you with a +0 trident.
* * * LOW HITPOINT WARNING * * *
Something hits you but does no damage.
You hit the orc.
You kill the orc!
An orc wizard appears from thin air!
Reactivating autopickup.
The orc wizard points at you and mumbles some strange words.
The magic dart hits you!
You die...

### #.+ #
#+#.#####.#+#
#.....#)....#
#.....@o....#
#(..).#)....#
#+#.#####.#+#
#.'...+ #
#####...#####
+.#.......#.+
###.#+#...#'#.###
#.....#...#.....###
+#
+.....##+##.....+.#


You could see an orc wizard (very poisoned).

Vanquished Creatures
  Sigmund (D:3)
  A scorpion (D:4)
  A hound (D:4)
  Jessica (D:2)
  Robin (D:2)
  3 adders
  3 dart slugs
  2 ribbon worms (D:2)
  4 orcs
  7 ball pythons
  5 bats
  7 endoplasms
  A giant cockroach (D:1)
  13 hobgoblins
  2 jackals (D:2)
  2 quokkas
  2 frilled lizards
  10 goblins
  3 kobolds (D:2)
  3 rats (D:2)
72 creatures vanquished.

Notes
Turn   | Place    | Note
-------+----------+-------------------------------------------
     0 | D:1      | Gadfly the Gargoyle Fighter began the quest for the Orb.
     0 | D:1      | Reached XP level 1. HP: 14/14 MP: 1/1
   185 | D:1      | Reached XP level 2. HP: 19/19 MP: 2/2
   243 | D:1      | Reached skill level 1 in Invocations
   400 | D:1      | Found Cuppugim's Weapon Emporium.
   783 | D:2      | Noticed Jessica
   789 | D:2      | Killed Jessica
   790 | D:2      | Reached skill level 1 in Evocations
   790 | D:2      | Reached XP level 3. HP: 18/23 MP: 2/4
   908 | D:2      | Noticed Robin
   917 | D:2      | Reached XP level 4. HP: 28/28 MP: 5/5
   941 | D:2      | Killed Robin
  1482 | D:2      | Found a faded altar of an unknown god.
  1616 | D:2      | Reached XP level 5. HP: 33/33 MP: 6/6
  1964 | D:2      | Learned a level 3 spell: Swiftness
  2159 | D:3      | Noticed Sigmund
  2169 | D:3      | Killed Sigmund
  2170 | D:3      | Reached XP level 6. HP: 37/38 MP: 6/8
  2934 | D:4      | Found Neacwan's One-of-a-Kind Rings.
  2940 | D:4      | Bought a +1 ring of protection for 39 gold pieces
  2981 | D:4      | Found a staircase to the Ecumenical Temple.
  2990 | Temple   | Entered the Ecumenical Temple
  2998 | Temple   | Became a worshipper of Elyvilon the Healer
  3192 | D:4      | Killed from afar by an orc wizard

Illustrated notes

Levels and vault maps discovered:
D:1:      minmay_arrival_stair_chambers, layout_rooms, serial_shops,
          nicolae_shop_just_a_little_nook
D:2:      layout_basic, ebering_ecumenical_altar_rust, grunt_decor_cap,
          minmay_divided_ellipse, uniq_robin, uniq_jessica
D:3:      layout_basic, kennysheep_generic_room_8, uniq_sigmund
D:4:      nicolae_cairo_tiling_large, layout_layer_cave, hangedman_decor_points,
          nicolae_shop_unique_rings, uniq_blork_the_orc
Temple:   hellmonk_temple_rainy

Skill      XL: |  1  2  3  4  5  6 |
---------------+-------------------+-----
Invocations    | 1 2 3 |  3.1
Evocations     | 1 2 |  2.5
Fighting       | 4 |  4.2
Maces & Flails | 3 |  3.6
Armour         | 4 |  4.2
Shields        | 4 |  4.0

Action                     |  1- 3 |  4- 6 || total
---------------------------+-------+-------++-------
  Melee: Flail             |    59 |   113 ||   172
         Dagger            |       |    82 ||    82
    Use: Scroll            |     4 |     3 ||     7
         Potion            |     1 |     1 ||     2
 Armour: Fire dragon scale |    53 |   222 ||   275
         Scale mail        |     1 |       ||     1
  Dodge: Dodged            |    36 |    83 ||   119
  Block: Buckler           |    19 |    42 ||    61
